 Dungeon Sprint DCSS version 0.30-a0-867-g305f33218d (webtiles) character file.

Game seed: 4175255215041227939

5280 rocky1 the Basher (level 10, -6/88 HPs)
             Began as a Demonspawn Gladiator on Mar 10, 2023.
             Was an Initiate of Gozag.
             Mangled by a cane toad (15 damage)
             ... in the Dungeon (Sprint IX: "|||||||||||||||||||||||||||||").
             The game lasted 00:03:05 (1109 turns).

rocky1 the Basher (Demonspawn Gladiator)            Turns: 1109, Time: 00:03:06

Health: -6/88      AC: 16    Str: 18    XL:     10   Next: 37%
Magic:  10/10      EV: 14    Int: 10    God:    Gozag
Gold:   1273       SH:  0    Dex: 15    Spells: 4/9 levels left

rFire   . . .      SeeInvis .    n - +2 morningstar (heavy)
rCold   . . .      Faith    .    (no shield)
rNeg    . . .      Spirit   .    p - +1 chain mail
rPois   .          Reflect  .    (helmet restricted)
rElec   .          Rampage  .    (no cloak)
rCorr   .          NoTele   +    (no gloves)
Will    .....                    (no boots) Stlth
                                 (no amulet)
HPRegen 0.34/turn                r - +2 ring of protection
MPRegen 0.24/turn                q - +2 ring of protection

@: mighty
A: horns 2, repulsion field 1, powered by pain 1, magic regeneration
a: Renounce Religion, Potion Petition, Call Merchant, Bribe Branch


You were in the Dungeon.
You worshipped Gozag.
Gozag was most pleased with you.
You visited 1 branch You collected 1273 gold pieces.

Inventory:

Hand Weapons
 a - a +0 flail
 n - a +2 heavy morningstar (weapon)
 o - a +4 quarterstaff of speed
Missiles
 d - 2 throwing nets
 e - a javelin
Armour
 b - a +0 leather armour
 c - a +0 helmet
 p - a +1 chain mail (worn)
Jewellery
 q - a +2 ring of protection (right hand)
 r - a +2 ring of protection (left hand)
Wands
 m - a wand of quicksilver (2) (quivered)
Scrolls
 k - 3 scrolls of blinking
 l - 2 scrolls of amnesia
 v - 2 scrolls of fear
 w - 2 scrolls of enchant armour
 x - a scroll of identify
Potions
 f - a potion of invisibility
 g - 5 potions of heal wounds
 h - a potion of haste
 i - 4 potions of magic
 j - 5 potions of curing
 s - a potion of berserk rage
 t - 2 potions of mutation
 u - a potion of brilliance


   Skills:
 + Level 11.5 Fighting
 * Level 14.7 Maces & Flails
 - Level 1.7 Throwing
 + Level 10.3 Armour
 + Level 10.8 Dodging


You had 4 spell levels left.
You knew the following spells:

 Your Spells              Type           Power      Damage    Failure   Level
a - Lightning Bolt        Conj/Air       0%         1d11      100%        5

Your spell library contained the following spells:

 Spells                   Type           Power      Damage    Failure   Level
 Static Discharge         Conj/Air       0%         2-2/arc   99%         2
 Vhi's Electric Charge    Tloc/Air       0%         N/A       100%        3
 Arcjolt                  Conj/Air       0%         1d10      100%        5


Dungeon Overview and Level Annotations

Branches:
Dungeon (1/1)

Altars:
Cheibriados
Dithmenos
Fedhas
Gozag
Hepliaklqana
Kikubaaqudgha
Makhleb
Nemelex Xobeh
Okawaru
Qazlal
Ru
Sif Muna
Trog
Uskayaw
Vehumet
Wu Jian
Xom
Yredelemnul
Jiyva
Lugonu


Innate Abilities, Weirdness & Mutations

You have a pair of horns on your head.
You are surrounded by a mild repulsion field. (EV +2)
You sometimes gain a little power by taking damage.
You regenerate magic rapidly.


Message History

The wolf misses you. The wolf bites you.
You miss the wolf.
The wolf is moderately wounded.
The wolf closely misses you. The wolf completely misses you.
You impale the wolf!!
You kill the wolf!
The rime drake barely misses you.
Unknown command.
You hit the rime drake. You headbutt the rime drake. You punch the rime drake.
The rime drake is moderately wounded.
The cane toad is no longer distracted by gold.
The rime drake barely misses you.
You bludgeon the rime drake!! You headbutt the rime drake.
You kill the rime drake!
You closely miss the cane toad. The cane toad stings you.
You sock the cane toad!
The cane toad is moderately wounded.
The cane toad is distracted by your dazzling golden aura.
The cane toad croaks.
You puncture the cane toad!
The cane toad is no longer distracted by gold.
The cane toad is heavily wounded.
The cane toad stings you!
* * * LOW HITPOINT WARNING * * *
The cane toad stings you.
* * * LOW HITPOINT WARNING * * *
You completely miss the cane toad. You headbutt the cane toad.
The cane toad is severely wounded.
The cane toad stings you but does no damage.
You hit the cane toad.
The cane toad is severely wounded.
The cane toad stings you but does no damage.
The cane toad stings you!
* * * LOW HITPOINT WARNING * * *
Unknown command.
You barely miss the cane toad.
The cane toad is severely wounded.
The cane toad stings you!
You die...
Your body crumbles into a pile of gold.

▓▓▓▓▓▓▓▓▓▓▓▓▓▓▓▓▓▓▓▓▓▓▓▓▓▓▓▓▓▓▓▓▓
')....).)...'____________________
▓▓▓▓▓▓▓▓▓▓▓▓▓▓▓▓▓▓▓▓▓▓▓▓▓▓▓▓▓▓▓▓▓
.................................
▓▓▓▓▓▓▓▓▓▓▓▓▓▓▓▓▓▓▓▓▓▓▓▓▓▓▓▓▓▓▓▓▓
...'............@F......
▓▓▓▓▓▓▓▓▓▓▓▓▓▓▓▓▓▓▓▓▓▓▓▓


$$$$$$$$$$$$$ $$$$$$$$$ You could see a cane toad.

Vanquished Creatures
  2 centaur warriors (D)
  A death yak (D)
  A skeletal warrior (D)
  A deep elf pyromancer (D)
  A cane toad (D)
  A kobold demonologist (D)
  A rime drake (D)
  A troll (D)
  A hornet (D)
  A culicivora (shapeshifter) (D)
  A wraith (D)
  A yak (D)
  A basilisk (D)
  A vampire mosquito (D)
  2 acid dragons (D)
  A wolf (D)
  A centaur (D)
  A phantom (D)
  2 bullfrogs (D)
  A scorpion (D)
  An iguana (D)
  A gnoll (D)
  An orc (D)
  4 bats (D)
30 creatures vanquished.

Notes
Turn   | Place    | Note
-------+----------+-------------------------------------------
     0 | D        | rocky1 the Demonspawn Gladiator began the quest for the
                  | Orb.
     0 | D        | Reached XP level 1. HP: 16/16 MP: 1/1
    10 | D        | Reached skill level 3 in Maces & Flails
    10 | D        | Reached skill level 1 in Armour
    10 | D        | Gained mutation: You have a pair of small horns on your
                  | head. [demonic ancestry]
    10 | D        | Reached XP level 2. HP: 15/23 MP: 2/2
   261 | D        | Noticed a phantom
   261 | D        | Noticed a centaur
   261 | D        | Noticed a scorpion
   263 | D        | Killed a phantom
   264 | D        | Reached skill level 5 in Maces & Flails
   264 | D        | Gained mutation: You regenerate magic rapidly. [demonic
                  | ancestry]
   264 | D        | Reached XP level 3. HP: 30/30 MP: 3/3
   264 | D        | Reached XP level 4. HP: 37/37 MP: 4/4
   268 | D        | Reached skill level 6 in Maces & Flails
   273 | D        | Killed a centaur
   274 | D        | Reached skill level 5 in Fighting
   274 | D        | Reached skill level 7 in Maces & Flails
   274 | D        | Reached skill level 5 in Dodging
   274 | D        | Gained mutation: You are surrounded by a mild repulsion
                  | field. (EV +2) [demonic ancestry]
   274 | D        | Reached XP level 5. HP: 36/44 MP: 5/5
   498 | D        | Found a snail-covered altar of Cheibriados.
   498 | D        | Found a shadowy altar of Dithmenos.
   498 | D        | Found a blossoming altar of Fedhas.
   498 | D        | Found an opulent altar of Gozag.
   499 | D        | Found a hazy altar of Hepliaklqana.
   500 | D        | Found a viscous altar of Jiyva.
   501 | D        | Found an ancient bone altar of Kikubaaqudgha.
   502 | D        | Found a corrupted altar of Lugonu.
   503 | D        | Found a burning altar of Makhleb.
   504 | D        | Found a sparkling altar of Nemelex Xobeh.
   505 | D        | Found an iron altar of Okawaru.
   506 | D        | Became a worshipper of Gozag Ym Sagoz the Greedy
   507 | D        | Found a stormy altar of Qazlal.
   508 | D        | Found a sacrificial altar of Ru.
   509 | D        | Found a shimmering blue altar of Sif Muna.
   510 | D        | Found a bloodstained altar of Trog.
   511 | D        | Found a hide-covered altar of Uskayaw.
   512 | D        | Found a radiant altar of Vehumet.
   513 | D        | Found an ornate altar of the Wu Jian Council.
   514 | D        | Found a shimmering altar of Xom.
   515 | D        | Found a basalt altar of Yredelemnul.
   656 | D        | Noticed a vampire mosquito
   656 | D        | Noticed a wraith
   656 | D        | Noticed a troll
   656 | D        | Noticed an acid dragon
   656 | D        | Noticed an acid dragon
   656 | D        | Noticed a hornet
   658 | D        | Killed an acid dragon
   658 | D        | Killed an acid dragon
   659 | D        | Reached skill level 9 in Maces & Flails
   659 | D        | Reached skill level 5 in Armour
   659 | D        | Reached XP level 6. HP: 43/53 MP: 6/6
   659 | D        | Killed a troll
   659 | D        | Killed a hornet
   660 | D        | Reached skill level 10 in Maces & Flails
   660 | D        | Reached XP level 7. HP: 50/61 MP: 7/7
   660 | D        | Killed a vampire mosquito
   666 | D        | Killed a wraith
   667 | D        | Gained mutation: You sometimes gain a little power by
                  | taking damage. [demonic ancestry]
   667 | D        | Reached XP level 8. HP: 56/69 MP: 8/8
   807 | D        | Noticed a centaur warrior
   807 | D        | Noticed a deep elf pyromancer
   807 | D        | Noticed a centaur warrior
   807 | D        | Noticed a manticore
   807 | D        | Noticed a kobold demonologist
   807 | D        | Noticed a skeletal warrior
   809 | D        | a manticore changed into a culicivora
   809 | D        | Noticed a culicivora (shapeshifter)
   810 | D        | Killed a kobold demonologist
   811 | D        | Reached skill level 11 in Maces & Flails
   811 | D        | Killed a deep elf pyromancer
   812 | D        | Killed a centaur warrior
   813 | D        | Reached skill level 12 in Maces & Flails
   813 | D        | Reached XP level 9. HP: 31/78 MP: 9/9
   817 | D        | Killed a centaur warrior
   818 | D        | Reached skill level 10 in Fighting
   818 | D        | Reached skill level 13 in Maces & Flails
   823 | D        | Killed a skeletal warrior
   824 | D        | Reached skill level 10 in Dodging
  1081 | D        | Learned a level 5 spell: Lightning Bolt
  1081 | D        | Noticed a cane toad
  1082 | D        | Noticed a rime drake
  1084 | D        | Noticed a death yak
  1086 | D        | Killed a cane toad
  1087 | D        | Gained mutation: You have a pair of horns on your head.
                  | [demonic ancestry]
  1087 | D        | Reached XP level 10. HP: 63/86 MP: 10/10
  1088 | D        | Reached skill level 14 in Maces & Flails
  1092 | D        | Noticed a cane toad
  1095 | D        | Killed a death yak
  1096 | D        | Reached skill level 10 in Armour
  1109 | D        | Mangled by a cane toad

Illustrated notes

Levels and vault maps discovered:
D:        linesprint [early_d, line_temple, items_1, d_10, items_2, lair_1,
          lair_end, items_3, orc_1, orc_end, items_4, d_15, swamp_1, shoals_1,
          snake_1, spider_1, d_20, vaults_1, items_5, swamp_end, shoals_end,
          snake_end, spider_end, vaults_end, d_27, items_6, zot_1, zot_end,
          crypt_end, forest_end, elf_end, slime_end, tomb_end, abyss_end,
          pan_hell_end]

Skill      XL: |  1  2  3  4  5  6  7  8  9 10 |
---------------+-------------------------------+-----
Maces & Flails | 3 5 7 9 10 12 13 14 | 14.7
Armour         | 1 3 4 5 6 7 8 9 10 | 10.3
Dodging        | 3 4 5 6 7 9 10 | 10.8
Fighting       | 4 5 6 7 8 9 10 11 | 11.5
Throwing       | |  1.7

Action                     |  1- 3 |  4- 6 |  7- 9 | 10-12 || total
---------------------------+-------+-------+-------+-------++-------
  Melee: Flail             |    20 |    13 |       |       ||    33
         Headbutt          |     1 |       |     4 |     4 ||     9
         Morningstar       |       |       |    22 |    23 ||    45
         Punch             |       |       |       |     1 ||     1
  Throw: Throwing net      |       |     2 |       |       ||     2
  Evoke: Wand              |       |     3 |     5 |       ||     8
    Use: Potion            |     1 |     1 |       |       ||     2
   Stab: Distracted        |       |       |       |     1 ||     1
 Armour: Leather armour    |     9 |     2 |       |       ||    11
         Chain mail        |       |     1 |    10 |     4 ||    15
  Dodge: Dodged            |    22 |    15 |    18 |     6 ||    61

Table legend: (Time is in decaauts)
 A = Elapsed time spent in this place.
 B = Non-inter-level travel time spent in this place.
 C = Inter-level travel time spent in this place.
 D = Time resting spent in this place.
 E = Time spent auto-exploring this place.
 F = Levels seen in this place.
 G = Mean time per level.
                   A        B        C        D        E       F      G
               +--------+--------+--------+--------+--------+-----+--------+
         Total |   1140 |   1140 |      0 |    810 |      0 |   1 | 1140.0 |
       Dungeon |   1140 |   1140 |      0 |    810 |      0 |   1 | 1140.0 |
               +--------+--------+--------+--------+--------+-----+--------+

Top non-repeatable levels by time:
       D: 1140 daAuts
